PBL
CINCINNATI REDS @ PITTSBURGH PIRATES
05/04/2071
 
TOP OF THE 1ST
Cincinnati Reds batting - Pitching for Pittsburgh Pirates : RHP Alden Mendoza
Pitching: RHP Alden Mendoza
Batting: RHB Nick Reed 0-0: SINGLE (Groundball, 6MD, EV 94.4 MPH)
Batting: LHB Greg McIntosh 0-0: Ball
1-0: Foul Ball, location: 2F
1-1: Foul Ball, location: 5F
1-2: Hit by Pitch
Nick Reed to second
Batting: RHB Zack Davis 0-0: Called Strike
0-1: Ball
1-1: Foul Ball, location: 5FF
1-2: SINGLE (Groundball, 4MD, EV 98.1 MPH)
Nick Reed to third
Greg McIntosh to second
Runner from 3rd tries for Home, SAFE, throw by CF to home
Batting: LHB Javier Gómez 0-0: Ball
1-0: Ball
2-0: Ball
3-0: Called Strike
3-1: Foul Ball, location: 9LDF
3-2: Fly out, F9 (Flyball, 9S, EV 89.4 MPH)
Batting: LHB Miguel Ballerini 0-0: Ball
1-0: Called Strike
1-1: 3-RUN HOME RUN (Flyball, 9D, EV 95.0 MPH), Distance : 376 ft
Batting: RHB Ramón García 0-0: Fly out, F8 (Flyball, 8RM, EV 78.1 MPH)
Batting: LHB Guo-xiu Tse 0-0: Ball
1-0: Ground out 1-3 (Groundball, P, EV 63.8 MPH)
Top of the 1st over - 4 runs, 3 hits, 0 errors, 0 left on base; Cincinnati 4 - Pittsburgh 0
BOTTOM OF THE 1ST
Pittsburgh Pirates batting - Pitching for Cincinnati Reds : RHP Ichizo Ine
Pitching: RHP Ichizo Ine
Batting: RHB Luis Cervantes 0-0: Ball
1-0: Foul Ball, location: 2F
1-1: Ball
2-1: SINGLE (Groundball, 6, EV 92.5 MPH) (infield hit)
Batting: LHB Kirila Naretha 0-0: Ball
1-0: Foul Ball, location: 7LMF
1-1: Ball
2-1: Ball
3-1: Base on Balls
Luis Cervantes to second
Batting: RHB Spencer Knight 0-0: Fielders Choice at 2nd, 6-4 (Groundball, 6, EV 83.8 MPH)
Luis Cervantes to third
Batting: RHB Zong-yuan Yue 0-0: Ball
1-0: Ball
2-0: Ball
3-0: Base on Balls
Spencer Knight to second
Batting: RHB George Alexander 0-0: Called Strike
0-1: Foul Ball, location: 2F
0-2: Ball
1-2: Strikes out swinging
Batting: LHB John Fulton 0-0: Called Strike
0-1: SINGLE (Line Drive, 78S, EV 91.9 MPH)
Luis Cervantes scores
Spencer Knight to third
Zong-yuan Yue to second
Runner from 3rd tries for Home, SAFE, throw by LF to home
Batting: RHB Jorge Medina 0-0: Ball
1-0: Ball
2-0: Ball
3-0: Called Strike
3-1: Fly out, F9 (Flyball, 9D, EV 93.1 MPH)
Bottom of the 1st over - 2 runs, 2 hits, 0 errors, 2 left on base; Cincinnati 4 - Pittsburgh 2
TOP OF THE 2ND
Cincinnati Reds batting - Pitching for Pittsburgh Pirates : RHP Alden Mendoza
Batting: LHB Kwang-sik Pom 0-0: Foul Ball, location: 2LF
0-1: Fly out, F5 (Line Drive, 5, EV 66.9 MPH)
Batting: RHB Sancho Madrigal 0-0: Called Strike
0-1: Ball
1-1: SINGLE (Line Drive, 8RS, EV 105.6 MPH)
Batting: RHB Nick Reed 0-0: DOUBLE (Groundball, 5L, EV 93.8 MPH)
Sancho Madrigal to third
Runner from 3rd tries for Home, SAFE, throw by LF to home
Batting: LHB Greg McIntosh 0-0: Ball
1-0: Ball
2-0: Called Strike
2-1: Ball
3-1: Called Strike
Balk!
Nick Reed to third
3-2: Fly out, F9 (Flyball, 9LM, EV 105.0 MPH)
Runner from 3rd tags up, OUT at HOME! 9-2
Top of the 2nd over - 1 run, 2 hits, 0 errors, 0 left on base; Cincinnati 5 - Pittsburgh 2
BOTTOM OF THE 2ND
Pittsburgh Pirates batting - Pitching for Cincinnati Reds : RHP Ichizo Ine
Batting: SHB Juan Baca 0-0: Called Strike
0-1: Ball
1-1: Ground out 6-3 (Groundball, 6, EV 105.6 MPH)
Batting: LHB Lúcio Rivera 0-0: Called Strike
0-1: Ball
1-1: Ball
2-1: Called Strike
2-2: Ball
3-2: Strikes out swinging
Batting: RHB Luis Cervantes 0-0: Ball
1-0: Ground out 4-3 (Groundball, 4, EV 100.0 MPH)
Bottom of the 2nd over - 0 runs, 0 hits, 0 errors, 0 left on base; Cincinnati 5 - Pittsburgh 2
TOP OF THE 3RD
Cincinnati Reds batting - Pitching for Pittsburgh Pirates : RHP Alden Mendoza
Batting: RHB Zack Davis 0-0: Foul Ball, location: 5DF
0-1: Reached via error on a dropped throw from P, E3 (Groundball, 23, EV 72.5 MPH)
Batting: LHB Javier Gómez 0-0: Ball
1-0: Fly out, F7 (Flyball, 78M, EV 93.1 MPH)
Batting: LHB Miguel Ballerini 0-0: Foul Ball, location: 2F
0-1: Ball
1-1: Foul Ball, location: 23F
1-2: Ball
2-2: Ball
3-2: 2-RUN HOME RUN (Flyball, 78XD, EV 100.6 MPH), Distance : 410 ft
Pitching: RHP Marcos Benítez
Batting: RHB Ramón García 0-0: Fly out, F7 (Line Drive, 78M, EV 104.4 MPH)
Batting: LHB Guo-xiu Tse 0-0: Swinging Strike
0-1: Called Strike
0-2: Ball
1-2: Fly out, F8 (Flyball, 8LD, EV 95.0 MPH)
Top of the 3rd over - 2 runs, 1 hit, 1 error, 0 left on base; Cincinnati 7 - Pittsburgh 2
BOTTOM OF THE 3RD
Pittsburgh Pirates batting - Pitching for Cincinnati Reds : RHP Ichizo Ine
Batting: LHB Kirila Naretha 0-0: Ball
1-0: Foul Ball, location: 7LSF
1-1: Ball
2-1: Swinging Strike
2-2: Ball
3-2: Strikes out swinging
Batting: RHB Spencer Knight 0-0: Foul Ball, location: 9LMF
0-1: Fly out, F9 (Flyball, 89D, EV 105.0 MPH)
Batting: RHB Zong-yuan Yue 0-0: Ball
1-0: Fly out, F7 (Flyball, 7LM, EV 75.6 MPH)
Bottom of the 3rd over - 0 runs, 0 hits, 0 errors, 0 left on base; Cincinnati 7 - Pittsburgh 2
TOP OF THE 4TH
Cincinnati Reds batting - Pitching for Pittsburgh Pirates : RHP Marcos Benítez
Batting: LHB Kwang-sik Pom 0-0: Called Strike
0-1: Ball
1-1: Called Strike
1-2: Ground out 1-3 (Groundball, 13S, EV 68.1 MPH)
Batting: RHB Sancho Madrigal 0-0: Ball
1-0: Foul Ball, location: 9LSF
1-1: Foul Ball, location: 9LSF
1-2: Strikes out swinging
Batting: RHB Nick Reed 0-0: Foul Ball, location: 2F
0-1: Ball
1-1: Ball
2-1: Called Strike
2-2: Foul Ball, location: 3FF
2-2: Ball
3-2: Ground out 5-3 (Groundball, 56S, EV 73.8 MPH)
Top of the 4th over - 0 runs, 0 hits, 0 errors, 0 left on base; Cincinnati 7 - Pittsburgh 2
BOTTOM OF THE 4TH
Pittsburgh Pirates batting - Pitching for Cincinnati Reds : RHP Ichizo Ine
Batting: RHB George Alexander 0-0: Swinging Strike
0-1: Ball
1-1: Foul Ball, location: 5FF
1-2: Ground out 5-3 (Groundball, 5S, EV 80.0 MPH)
Batting: LHB John Fulton 0-0: Called Strike
0-1: Swinging Strike
0-2: Strikes out swinging
Batting: RHB Jorge Medina 0-0: Called Strike
0-1: Fly out, F9 (Flyball, 9S, EV 94.4 MPH)
Bottom of the 4th over - 0 runs, 0 hits, 0 errors, 0 left on base; Cincinnati 7 - Pittsburgh 2
TOP OF THE 5TH
Cincinnati Reds batting - Pitching for Pittsburgh Pirates : RHP Marcos Benítez
Batting: LHB Greg McIntosh 0-0: Ball
1-0: SINGLE (Groundball, 4D, EV 97.5 MPH)
Batting: RHB Zack Davis 0-0: Ball
1-0: Ball
2-0: Called Strike
2-1: Foul Ball, location: 2F
2-2: Ball
3-2: Fly out, F8 (Flyball, 8LD, EV 105.6 MPH)
Batting: LHB Javier Gómez 0-0: Foul Ball, location: 7LMF
0-1: Called Strike
0-2: Ground out 4-3 (Groundball, 34D, EV 105.6 MPH)
Greg McIntosh to second
Batting: LHB Miguel Ballerini 0-0: Ground out U3 (Groundball, 3, EV 84.4 MPH)
Top of the 5th over - 0 runs, 1 hit, 0 errors, 1 left on base; Cincinnati 7 - Pittsburgh 2
BOTTOM OF THE 5TH
Pittsburgh Pirates batting - Pitching for Cincinnati Reds : RHP Ichizo Ine
Batting: SHB Juan Baca 0-0: Ball
1-0: Ground out 4-3 (Groundball, 34, EV 85.0 MPH)
Batting: LHB Lúcio Rivera 0-0: Foul Ball, location: 5F
0-1: Ball
1-1: Ball
2-1: Called Strike
2-2: Ball
3-2: Ground out U3 (Groundball, 13, EV 88.8 MPH)
Batting: RHB Luis Cervantes 0-0: Ball
1-0: Ball
2-0: Ground out 6-3 (Groundball, 6, EV 106.3 MPH)
Bottom of the 5th over - 0 runs, 0 hits, 0 errors, 0 left on base; Cincinnati 7 - Pittsburgh 2
TOP OF THE 6TH
Cincinnati Reds batting - Pitching for Pittsburgh Pirates : RHP Marcos Benítez
Batting: RHB Ramón García 0-0: Called Strike
0-1: Ball
1-1: Ball
2-1: Foul Ball, location: 2F
2-2: SINGLE (Line Drive, 34, EV 98.8 MPH)
Batting: LHB Guo-xiu Tse 0-0: Ball
1-0: SINGLE (Line Drive, 5D, EV 96.9 MPH)
Ramón García to second
Pitching: RHP Brian Giarratan
Batting: LHB Kwang-sik Pom 0-0: Called Strike
0-1: Ball
1-1: Swinging Strike
1-2: Ball
2-2: Foul Ball, location: 5SF
2-2: Ball
3-2: Strikes out swinging
Batting: RHB Sancho Madrigal 0-0: Ball
1-0: DOUBLE (Line Drive, 7LD, EV 103.1 MPH)
Ramón García scores
Guo-xiu Tse to third
Runner from 3rd tries for Home, SAFE, no throw by LF
Batting: RHB Nick Reed 0-0: Called Strike
0-1: Ball
1-1: Foul Ball, location: 9LDF
1-2: Ball
2-2: Foul Ball, location: 3DF
2-2: Ball
3-2: Fly out, F8 (Flyball, 8RD, EV 90.0 MPH)
Batting: LHB Greg McIntosh 0-0: Fly out, F6 (Popup, 6, EV 72.5 MPH)
Top of the 6th over - 2 runs, 3 hits, 0 errors, 1 left on base; Cincinnati 9 - Pittsburgh 2
BOTTOM OF THE 6TH
Pittsburgh Pirates batting - Pitching for Cincinnati Reds : RHP Ichizo Ine
Batting: LHB Kirila Naretha 0-0: Ball
1-0: Ball
2-0: Foul Ball, location: 2F
2-1: Foul Ball, location: 3F
2-2: Foul Ball, location: 9LSF
2-2: Ball
3-2: DOUBLE (Line Drive, 7LM, EV 94.4 MPH)
Batting: RHB Spencer Knight 0-0: Called Strike
0-1: Foul Ball, location: 2F
0-2: Ball
1-2: Strikes out swinging
Batting: RHB Zong-yuan Yue 0-0: Ball
1-0: Foul Ball, location: 7LDF
1-1: Swinging Strike
1-2: Ball
2-2: Foul Ball, location: 2F
2-2: Fly out, F7 (Flyball, 7, EV 92.5 MPH)
Batting: RHB George Alexander 0-0: Ball
1-0: Foul Ball, location: 9LMF
1-1: Ball
2-1: SINGLE (Groundball, 6MS, EV 70.0 MPH) (infield hit)
Kirila Naretha to third
Batting: LHB John Fulton 0-0: Called Strike
0-1: Swinging Strike
0-2: Ground out 2-3 (Groundball, 2L, EV 72.5 MPH)
Bottom of the 6th over - 0 runs, 2 hits, 0 errors, 2 left on base; Cincinnati 9 - Pittsburgh 2
TOP OF THE 7TH
Cincinnati Reds batting - Pitching for Pittsburgh Pirates : RHP Brian Giarratan
Batting: RHB Zack Davis 0-0: Called Strike
0-1: Ball
1-1: Ball
2-1: Ball
3-1: Base on Balls
Batting: LHB Javier Gómez 0-0: Ball
1-0: Called Strike
1-1: Swinging Strike
1-2: Strikes out swinging
Batting: LHB Miguel Ballerini 0-0: Ball
1-0: Foul Ball, location: 7LMF
1-1: Foul Ball, location: 9LMF
1-2: SINGLE (Line Drive, 34D, EV 107.5 MPH)
Zack Davis to second
Pitching: RHP Brad Woodward
Batting: RHB Ramón García 0-0: Ball
1-0: Called Strike
1-1: Foul Ball, location: 2F
1-2: Ball
2-2: Fly out, F7 (Flyball, 7S, EV 91.3 MPH)
Batting: LHB Guo-xiu Tse 0-0: Fly out, F2 (Popup, 2LF, EV 88.8 MPH)
Top of the 7th over - 0 runs, 1 hit, 0 errors, 2 left on base; Cincinnati 9 - Pittsburgh 2
BOTTOM OF THE 7TH
Pittsburgh Pirates batting - Pitching for Cincinnati Reds : RHP Ichizo Ine
Batting: RHB Jorge Medina 0-0: Ball
1-0: Fly out, F7 (Line Drive, 7S, EV 103.8 MPH)
Batting: SHB Juan Baca 0-0: Ball
1-0: Ball
2-0: Fly out, F5 (Popup, 5, EV 67.5 MPH)
Batting: LHB Lúcio Rivera 0-0: Ball
1-0: SINGLE (Groundball, 6MD, EV 94.4 MPH)
Batting: RHB Luis Cervantes 0-0: Ball
Lúcio Rivera steals 2nd base
1-0: Swinging Strike
Passed Ball!
Lúcio Rivera to third
1-1: Ball
2-1: Swinging Strike
2-2: Strikes out looking
Bottom of the 7th over - 0 runs, 1 hit, 0 errors, 1 left on base; Cincinnati 9 - Pittsburgh 2
TOP OF THE 8TH
Cincinnati Reds batting - Pitching for Pittsburgh Pirates : RHP Brad Woodward
Batting: LHB Kwang-sik Pom 0-0: Ball
1-0: Called Strike
1-1: Ball
2-1: Called Strike
2-2: Foul Ball, location: 2F
2-2: Foul Ball, location: 3FF
2-2: Ball
3-2: Foul Ball, location: 2F
3-2: Foul Ball, location: 2F
3-2: Strikes out swinging
Batting: RHB Sancho Madrigal 0-0: Called Strike
0-1: Swinging Strike
0-2: Ball
1-2: Ball
2-2: Strikes out looking
Batting: RHB Nick Reed 0-0: Ground out 3-1 (Groundball, 3D, EV 96.3 MPH)
Top of the 8th over - 0 runs, 0 hits, 0 errors, 0 left on base; Cincinnati 9 - Pittsburgh 2
BOTTOM OF THE 8TH
Pittsburgh Pirates batting - Pitching for Cincinnati Reds : RHP Ichizo Ine
Pitching: LHP Octávio Tobías
Batting: LHB Kirila Naretha 0-0: Ball
1-0: Called Strike
1-1: Ball
2-1: SINGLE (Groundball, 4MS, EV 65.6 MPH) (infield hit)
Batting: RHB Spencer Knight 0-0: Foul Ball, location: 9LDF
0-1: Swinging Strike
0-2: Ground out 5-3 (Groundball, 56S, EV 65.0 MPH)
Kirila Naretha to second
Batting: RHB Zong-yuan Yue 0-0: Ball
1-0: Fly out, F6 (Popup, 15S, EV 80.0 MPH)
Batting: RHB George Alexander 0-0: Fly out, F9 (Flyball, 9D, EV 100.6 MPH)
Bottom of the 8th over - 0 runs, 1 hit, 0 errors, 1 left on base; Cincinnati 9 - Pittsburgh 2
TOP OF THE 9TH
Cincinnati Reds batting - Pitching for Pittsburgh Pirates : RHP Brad Woodward
Batting: LHB Greg McIntosh 0-0: Ball
1-0: Ball
2-0: Ball
3-0: Base on Balls
Batting: RHB Zack Davis 0-0: Ball
1-0: Called Strike
Greg McIntosh steals 2nd base (no throw)
1-1: Ball
2-1: Ball
3-1: Base on Balls
Pitching: LHP Bill Pomeroy
Batting: LHB Javier Gómez 0-0: Called Strike
0-1: Foul Ball, location: 2F
0-2: Fly out, F8 (Flyball, 8RD, EV 102.5 MPH)
Batting: LHB Miguel Ballerini 0-0: Ball
1-0: Swinging Strike
1-1: Ball
2-1: Swinging Strike
2-2: Foul Ball, location: 23F
2-2: Foul Ball, location: 7LSF
2-2: Foul Ball, location: 3SF
2-2: Ball
3-2: Strikes out swinging
Batting: RHB Ramón García 0-0: Fly out, F7 (Line Drive, 7, EV 90.0 MPH)
Top of the 9th over - 0 runs, 0 hits, 0 errors, 2 left on base; Cincinnati 9 - Pittsburgh 2
BOTTOM OF THE 9TH
Pittsburgh Pirates batting - Pitching for Cincinnati Reds : LHP Octávio Tobías
Batting: LHB John Fulton 0-0: Ball
1-0: Fly out, F6 (Popup, P, EV 85.0 MPH)
Batting: RHB Jorge Medina 0-0: Called Strike
0-1: Ball
1-1: Ball
2-1: Called Strike
2-2: Strikes out swinging
Batting: SHB Juan Baca 0-0: Ball
1-0: Foul Ball, location: 2F
1-1: Foul Ball, location: 2F
1-2: Foul Ball, location: 9LDF
1-2: Ball
2-2: Foul Ball, location: 2F
2-2: Foul Ball, location: 2F
2-2: Fly out, F2 (Popup, 25F, EV 91.9 MPH)
Bottom of the 9th over - 0 runs, 0 hits, 0 errors, 0 left on base; Cincinnati 9 - Pittsburgh 2
Saturday, April 13th , 2024 - OOTP Baseball 24.10 Build 82